Map: Blueshift LE

Players

Practiser - Winner!

  • Race: Protoss Protoss
  • League: Diamond
  • Spawn Location: 1:00

Sashamon

  • Race: Zerg Zerg
  • League: Diamond
  • Spawn Location: 7:00

VOD

Have the link to the VOD?

Description

I know i floated a shitton of minerals, should have expanded more etc.

Time

  • Played on: Jan. 4, 2019, 12:50 p.m.
  • Length: 12:40
Show
View Real Time Build Order
Export as new Build Order

Practiser Protoss - Winner!

Build Orders: 1 Gate Expand, Oracle Opening, Phoenix Opening, Archon Immortal 

Get SALT Encoding   

  12  0:00  Probe  
  13  0:12  Probe  
  14  0:20  Pylon  
  14  0:25  Probe  
  15  0:34  Probe  
  15  0:41  Gateway  
  16  0:42  Probe  
  16  0:48  Assimilator  
  17  0:59  Probe  
  18  1:11  Probe  
  19  1:23  Probe  
  20  1:30  Nexus  
  20  1:37  Cybernetics Core  
  20  1:39  Probe  
  21  1:43  Assimilator  
  21  1:51  Pylon  
  21  1:53  Probe  
  22  2:06  Adept, Probe  
  25  2:18  Probe  
  26  2:24  Stargate  
  26  2:26  Probe  
  26  2:32  Adept  
  26  2:34  Probe  
  26  2:36  Warp Gate  
  29  2:38  Probe  
  31  2:44  Probe  
  31  2:46  Probe  
  33  2:56  Probe x2  
  34  3:02  Phoenix  
  35  3:08  Probe x2  
  35  3:09  Gateway  
  39  3:23  Probe x2  
  39  3:36  Probe x2  
  39  3:40  Oracle  
  42  3:42  Assimilator  
  42  3:46  Assimilator, Pylon  
  42  3:48  Probe x2  
  44  3:49  Zealot  
  46  4:02  Robotics Facility  
  46  4:03  Twilight Council  
  46  4:04  Probe x2  
  46  4:05  Forge  
  48  4:17  Probe x2  
  50  4:29  Probe x2  
  51  4:40  Protoss Ground Weapons Level 1  
  51  4:41  Probe x2, Charge  
  51  4:44  Gateway  
  53  4:45  Gateway  
  53  4:53  Probe  
  53  4:55  Templar Archives  
  53  4:58  Gateway  
  54  5:05  Gateway  
  54  5:18  Pylon  
  54  5:28  Warp Prism  
  54  5:29  Pylon  
  54  5:36  Probe x2  
  58  5:46  Psionic Storm  
  58  5:51  Probe x2  
  58  5:55  Nexus  
  58  5:56  Pylon  
  60  5:59  Pylon  
  60  6:02  Observer  
  60  6:07  Zealot x3  
  60  6:08  Zealot  
  69  6:12  Probe  
  69  6:14  Probe  
  69  6:15  Photon Cannon  
  69  6:17  Photon Cannon  
  69  6:18  Shield Battery  
  71  6:27  Probe x2  
  71  6:29  Immortal  
  71  6:32  Protoss Ground Weapons Level 2  
  77  6:35  High Templar x2  
  77  6:36  High Templar x2  
  77  6:39  Probe  
  86  6:42  Archon x2  
  86  6:50  Pylon  
  86  6:53  Pylon  
  86  6:54  Pylon  
  86  6:56  Probe  
  86  7:00  Probe  
  82  7:06  Zealot  
  82  7:07  Zealot  
  82  7:08  Probe  
  87  7:12  Probe, Zealot x2  
  87  7:13  Zealot  
  94  7:18  Immortal  
  88  7:32  Robotics Facility  
  88  7:45  Probe  
  88  7:46  Probe  
  88  7:48  Photon Cannon  
  88  7:49  Photon Cannon  
  88  7:50  Shield Battery, High Templar x2  
  88  7:51  High Templar, Assimilator  
  96  7:52  Zealot x3  
  96  7:53  Assimilator  
  96  7:57  Immortal  
  106  8:14  Zealot x3  
  106  8:15  Probe x2  
  114  8:28  Immortal  
  114  8:34  Probe x2  
  114  8:35  Probe  
  114  8:37  Immortal  
  114  8:39  Gateway  
  114  8:40  Pylon  
  125  8:45  Gateway  
  125  8:58  Probe x2  
  125  9:02  Photon Cannon x2  
  126  9:16  Immortal  
  128  9:18  Photon Cannon  
  128  9:20  Photon Cannon  
  128  9:23  Zealot x3  
  109  9:32  Zealot x2  
  109  9:33  Protoss Ground Weapons Level 3, Zealot  
  109  9:36  Phoenix  
  105  9:54  Gateway  
  105  9:56  Gateway  
  105  9:57  Gateway  
  105  10:00  Photon Cannon  
  105  10:01  High Templar x3  
  105  10:02  High Templar x3  
  105  10:03  Nexus  
  105  10:05  Archon  
  105  10:06  Archon  
  105  10:07  Pylon  
  107  10:23  Immortal  
  104  10:31  High Templar x2  
  100  10:35  Stalker x2  
  100  10:36  Stalker x2  
  94  10:55  Warp Prism  
  94  11:05  Immortal  
  94  11:07  High Templar x3  
  94  11:08  High Templar  
  94  11:09  Zealot x2  
  94  11:10  Zealot x4  
  94  11:11  Zealot  
  122  11:19  Probe x2  
  122  11:23  Probe x2  
  126  11:27  Probe x2  
  128  11:33  Pylon  
  128  11:35  Probe x2  
  128  11:36  High Templar x2  
  128  11:37  Zealot x2  
  128  11:38  Zealot, Pylon  
  140  11:41  Archon  
  140  11:47  Zealot x3  
  146  11:56  Observer  
  147  12:12  Zealot x6  
  141  12:24  Archon  
  123  12:30  Zealot x3  
  123  12:31  Zealot  
  123  12:32  Zealot  
  123  12:33  Zealot x2  
Show
View Real Time Build Order
Export as new Build Order

Sashamon Zerg 

Build Orders: Hatch First 

Get SALT Encoding   

  12  0:00  Drone  
  13  0:12  Overlord  
  13  0:16  Drone  
  14  0:30  Drone  
  14  0:31  Drone  
  16  0:48  Hatchery  
  15  0:51  Drone  
  15  0:55  Drone  
  17  1:03  Drone  
  18  1:05  Extractor  
  17  1:17  Spawning Pool  
  16  1:23  Drone x2  
  18  1:31  Drone  
  20  1:40  Drone  
  20  1:51  Overlord  
  20  2:03  Queen x2  
  20  2:04  Zergling x4  
  26  2:12  Metabolic Boost  
  26  2:14  Drone  
  27  2:16  Drone  
  28  2:24  Drone x2  
  30  2:40  Hatchery  
  29  2:48  Drone x3  
  32  2:58  Drone x3  
  35  3:06  Overlord  
  35  3:17  Drone  
  36  3:24  Queen x2  
  39  3:37  Zergling x4  
  39  3:39  Drone  
  39  3:40  Drone x3  
  43  3:45  Overlord  
  43  3:47  Overlord  
  43  3:59  Drone x4  
  47  4:02  Lair  
  47  4:04  Overlord  
  47  4:09  Roach Warren  
  46  4:17  Drone x2  
  46  4:18  Drone x3  
  46  4:24  Spore Crawler x2  
  50  4:26  Extractor  
  49  4:31  Drone x2  
  50  4:41  Drone x7  
  50  4:42  Queen  
  57  4:50  Overlord  
  57  4:58  Drone  
  57  4:59  Overlord  
  58  5:02  Queen  
  58  5:04  Queen  
  62  5:11  Roach x5  
  72  5:15  Zergling x4  
  72  5:17  Roach  
  76  5:27  Overlord  
  76  5:28  Drone x2  
  76  5:29  Drone x4  
  76  5:31  Extractor  
  81  5:35  Overlord  
  81  5:46  Zergling x4  
  83  5:53  Overlord  
  83  5:55  Roach x6  
  95  5:59  Glial Reconstitution  
  95  6:03  Extractor  
  94  6:05  Extractor  
  93  6:13  Drone x3  
  93  6:14  Extractor  
  93  6:15  Hatchery  
  93  6:17  Roach x3  
  99  6:34  Drone x2  
  99  6:35  Drone x3  
  99  6:39  Spire, Drone x3  
  106  6:42  Overlord  
  106  6:43  Overlord  
  107  7:01  Roach x7  
  116  7:22  Roach x4  
  122  7:26  Roach  
  122  7:29  Queen x2  
  126  7:30  Drone x2  
  126  7:32  Overlord x2  
  128  7:41  Overlord x2  
  128  7:50  Queen, Overlord x3  
  130  7:56  Ravager x3  
  130  7:58  Ravager  
  134  7:59  Ravager  
  135  8:09  Hatchery  
  134  8:13  Mutalisk  
  134  8:14  Mutalisk x4  
  144  8:23  Roach x7  
  158  8:29  Drone  
  158  8:30  Drone x2  
  158  8:31  Drone x2  
  163  8:35  Mutalisk  
  163  8:36  Mutalisk  
  167  8:50  Overseer  
  167  9:02  Mutalisk x3  
  173  9:18  Ravager x2  
  173  9:19  Ravager  
  128  9:45  Mutalisk x5  
  128  9:51  Drone x6  
  144  10:00  Zergling x24  
  134  10:27  Roach x7  
  134  10:28  Roach x8  
  156  10:40  Drone x2  
  156  10:41  Extractor  
  156  10:42  Extractor  
  149  10:49  Roach x7  
  151  10:50  Roach  
  151  10:54  Hydralisk Den, Hatchery  
  151  10:56  Evolution Chamber  
  146  10:58  Drone x2  
  146  11:00  Drone x3  
  146  11:03  Ravager x5  
  152  11:10  Queen  
  154  11:24  Muscular Augments, Hydralisk x5  
  164  11:43  Hydralisk x5, Drone x3  
  164  11:44  Hydralisk x2  
  181  12:08  Roach x4  
Tags
 
Add a new tag
Caveats
  • Supply blocks, unpowered buildings, or Contaminate may cause inaccurate times.
  • Supply counts are checked every 10 seconds.